Map: Scythe of Amon

Players

petr

  • Race: Zerg Zerg

NamroodTuo

  • Race: Zerg Zerg

VOD

Have the link to the VOD?

Description

Time

  • Played on: March 17, 2023, 12:59 p.m.
  • Length: 23:57
Show
View Real Time Build Order
Export as new Build Order

petr Zerg 

Build Orders:  

Get SALT Encoding   

  12  0:14  Overlord  
  12  0:35  Drone x2  
  12  0:36  Overlord  
  14  0:43  Extractor  
  14  0:46  Extractor  
  14  0:47  Drone  
  13  0:50  Drone  
  14  1:02  Drone x2  
  16  1:21  Drone x3  
  16  1:27  Drone  
  20  1:36  Pneumatized Carapace  
  20  1:46  Overlord  
  20  2:06  Drone x3  
  20  2:07  Drone  
  24  2:27  Spawning Tool  
  23  2:41  Drone x3  
  26  2:58  Evolution Chamber  
  26  2:59  Evolution Chamber  
  24  3:00  Evolution Chamber  
  23  3:33  Zergling x10  
  23  3:34  Zergling x2  
  29  3:46  Drone  
  30  3:55  Zergling x2  
  30  3:59  Metabolic Boost  
  31  4:12  Drone x2  
  33  4:56  Hydralisk Den  
  32  5:06  Drone, Infestation Pit  
  32  5:07  Drone x2  
  34  5:22  Ventral Sacs  
  34  5:23  Zergling x6  
  34  5:24  Zergling x2  
  38  5:35  Spire, Overlord  
  37  5:40  Overlord  
  37  5:54  Drone  
  27  6:59  Hydralisk x2  
  31  7:00  Hydralisk x4  
  31  7:03  Muscular Augments  
  31  7:09  Hardened Ergonergy Shield  
  39  7:56  Zergling x2  
  39  7:57  Overlord, Zergling x8  
  44  8:03  Zerg Melee Weapons Level 1, Erudition Missile Launchers  
  44  8:04  Zerg Missile Weapons Level 1  
  44  8:27  Zerg Ground Armor Level 1  
  44  8:29  Drone x2  
  46  8:30  Drone  
  42  9:03  Overlord x2, Zergling x4  
  42  9:09  Wide Area Cluster Busters  
  44  9:17  Zergling x2  
  45  9:57  Overseer  
  45  10:09  Zerg Flyer Weapons Level 1  
  45  10:12  Hatchery  
  45  10:16  Extractor  
  43  10:21  Extractor  
  43  10:27  Overseer  
  43  10:29  Overlord x2, Zergling x8  
  46  10:51  Corruptor  
  46  10:52  Hydralisk  
  50  11:06  Drone x2  
  52  11:18  Drone  
  53  11:33  Hatchery  
  53  11:38  Hatchery  
  51  11:44  Drone x2  
  51  11:46  Drone  
  54  12:01  Corruptor  
  54  12:04  Zergling x2  
  54  12:05  Zergling x2  
  58  12:28  Drone x5  
  63  12:39  Drone  
  64  12:43  Drone x2  
  64  12:44  Drone x2  
  64  12:49  Zerg Flyer Armor Level 1  
  68  13:00  Hydralisk, Zergling x4  
  68  13:01  Corruptor  
  74  13:26  Drone  
  74  13:27  Drone x5  
  80  13:32  Zergling x6  
  80  13:35  Zergling x2  
  80  13:36  Zergling x6  
  80  13:37  Zergling x2  
  87  14:33  Zergling x2  
  87  14:34  Zergling x12  
  87  14:35  Zergling x10  
  87  14:36  Zergling x10  
  87  14:37  Zergling x2  
  91  14:56  Corruptor x2  
  91  15:00  Zerg Missile Weapons Level 2, Zerg Melee Weapons Level 2  
  90  15:01  Zerg Ground Armor Level 2  
  90  15:07  Corruptor  
  81  15:33  Drone x2  
  81  15:34  Drone  
  81  15:36  Drone  
  59  16:12  Zerg Flyer Weapons Level 2  
  59  16:16  Zergling x12  
  59  16:17  Zergling x10  
  59  16:18  Zergling x2  
  71  16:38  Hydralisk  
  71  16:39  Hydralisk x3  
  79  16:41  Zergling x4  
  79  16:42  Zergling x2  
  77  17:07  Hydralisk x3  
  77  17:08  Zergling x2  
  62  17:43  Hydralisk x3, Zergling x10  
  62  17:44  Zergling x10  
  62  17:45  Zergling x2  
  51  19:22  Zerg Flyer Armor Level 2  
  51  19:31  Zergling x10  
  51  19:32  Zergling x10  
  51  19:33  Zergling x10  
  51  19:34  Zergling x6  
  69  20:13  Hydralisk x6  
  81  20:23  Drone  
  81  20:25  Ultralisk Cavern  
  81  20:28  Hydralisk x4  
  87  20:30  Hydralisk, Zergling x4  
  87  20:31  Zergling x12  
  87  20:32  Zergling x4  
  96  20:50  Overlord x3  
  96  20:58  Overseer  
  96  20:59  Overseer  
  96  21:02  Overlord  
  96  21:26  Ultralisk  
  96  21:28  Corruptor  
  104  21:34  Zergling x4  
  104  21:35  Zergling x2, Corruptor  
  104  21:37  Zergling x2  
  104  21:38  Zergling x10  
  104  21:39  Zergling x2  
  116  22:12  Electrostatic Surprise  
  116  22:21  Zergling x8, Ultralisk  
  116  22:22  Zergling x4  
  116  22:29  Overlord x3  
  125  22:57  Zergling x6, Corruptor x3  
  125  22:58  Zergling x4  
Show
View Real Time Build Order
Export as new Build Order

NamroodTuo Zerg 

Build Orders:  

Get SALT Encoding   

  12  0:12  Overlord  
  12  0:26  Infested SCV  
  12  0:27  Infested SCV  
  14  0:35  Infested SCV  
  15  0:43  Infested SCV  
  15  0:49  Infested SCV  
  17  1:07  Infested Barracks  
  17  1:09  Infested SCV  
  18  1:21  Infested SCV  
  18  1:27  Infested Refinery  
  19  1:31  Infested Refinery  
  19  1:37  Infested SCV  
  20  1:57  Infested SCV  
  21  2:11  Infestation Level 1  
  21  2:12  Infested SCV  
  22  2:25  Infested SCV  
  23  2:42  Infested Factory  
  23  2:47  Infested Barracks Tech Lab  
  23  2:54  Overlord  
  23  2:59  Overlord  
  23  3:07  Infested Engineering Bay  
  23  3:15  Retinal Augmentation  
  23  3:20  Infested SCV  
  24  3:37  Infested SCV  
  25  4:03  Infested SCV x2  
  27  4:11  Anaerobic Enhancement  
  27  4:31  Stukov Infantry Armor Level 1  
  27  4:36  Infested Marine x2  
  27  4:37  Infested Marine x5  
  27  4:38  Infested Marine  
  35  5:00  Infested SCV x3  
  35  5:06  Infested SCV  
  39  5:11  Infestation Level 2  
  39  5:21  Overlord  
  39  5:46  Overlord  
  38  5:55  Infested Bunker  
  41  6:03  Infested Marine x4  
  41  6:04  Infested Marine x2  
  41  6:07  Overlord  
  41  6:09  Overlord  
  39  6:47  Infested Marine x5  
  39  6:48  Infested Marine  
  42  6:58  Overlord  
  42  6:59  Overlord x2  
  41  7:11  Unknown, Stukov Infantry Weapons Level 1  
  37  7:44  Infested Barracks  
  37  7:48  Infested Bunker  
  39  8:25  Infested Barracks  
  39  8:37  Infested Missile Turret  
  39  8:48  Infested Marine, Infested Missile Turret  
  39  8:49  Infested Marine x10  
  54  9:00  Infested Bunker  
  54  9:08  Overlord  
  54  9:26  Infested Marine  
  54  9:27  Infested Marine x14  
  69  9:51  Stukov Infantry Armor Level 2  
  69  10:24  Infested Bunker  
  61  11:03  Infested Command Center  
  47  11:14  Overlord x2  
  47  11:15  Overlord  
  47  11:19  Overlord  
  51  12:21  Infested Bunker  
  55  12:31  Infested Bunker  
  54  12:44  Infested SCV  
  54  12:45  Infested SCV x2  
  57  12:57  Infested Barracks  
  57  13:01  Stukov Infantry Weapons Level 2  
  57  13:24  Infested SCV  
  57  13:25  Infested Bunker  
  62  13:34  Infested Armory  
  62  13:39  Infested SCV  
  63  13:42  Infested SCV  
  63  13:45  Infested SCV  
  65  14:19  Infested Marine x5  
  70  14:20  Infested Marine x23  
  93  14:30  Infested SCV x3  
  96  15:02  Infested Marine x9  
  96  15:03  Infested Marine x23  
  96  15:04  Infested Marine x3  
  131  15:18  Infested SCV x3  
  134  15:25  Infested SCV  
  134  15:29  Infested SCV x3  
  125  15:30  Infested SCV x2  
  125  15:43  Infested SCV  
  109  16:19  Infested Bunker  
  112  16:34  Infested Bunker  
  112  16:35  Infested Bunker  
  112  16:44  Overlord  
  94  16:51  Infested Bunker  
  98  17:25  Infested Bunker  
  102  17:34  Infested Bunker  
  102  17:39  Infested Bunker  
  106  18:19  Infested Marine x4  
  110  18:20  Infested Marine x24  
  110  18:21  Infested Marine x12  
  132  19:09  Infested Marine  
  132  19:10  Infested Marine x9  
  137  19:28  Infested Marine  
  98  20:14  Infested Marine  
  98  20:15  Infested Marine x18  
  98  20:16  Infested Marine x21  
  98  20:18  Overlord x2  
  98  20:19  Overlord x8  
  138  20:36  Infested Bunker  
  142  20:42  Infested Bunker  
  142  20:49  Infested Bunker  
  150  21:06  Infested Bunker  
  145  21:27  Infested Marine  
  145  21:28  Infested Marine x20  
  145  21:29  Infested Marine x18  
  174  21:39  Infested Barracks  
  166  21:49  Infested Barracks  
  162  21:58  Infested Marine x3  
  162  21:59  Infested Marine x18  
  174  22:10  Infested Barracks  
  174  22:18  Infested Marine  
  174  22:19  Infested Marine  
  176  22:22  Infested Marine x2  
  176  22:23  Infested Marine x18  
  176  22:24  Infested Marine x2  
  143  23:06  Infested Barracks  
  143  23:09  Infested Marine x6  
  142  23:10  Infested Marine x21  
  160  23:23  Infested Marine x5  
  160  23:24  Infested Marine x22  
  160  23:25  Infested Marine x3  
  179  23:41  Infested Barracks x2  
Tags
 
Matchup
Co-op
Replay Pack
Multiplayer
Add a new tag
Caveats
  • Supply blocks, unpowered buildings, or Contaminate may cause inaccurate times.
  • Supply counts are checked every 10 seconds.